 Dungeon Crawl Stone Soup version 0.26-a0-835-g8259106e14 (webtiles) character file.

Game seed: 266320719508683236

746 strifetoe the Chopper (level 7, -9/41 HPs)
             Began as a Gargoyle Fighter on Nov 18, 2020.
             Was an Initiate of Lugonu.
             Mangled by a small abomination (11 damage)
             ... on level 1 of the Abyss.
             The game lasted 00:05:46 (3868 turns).

strifetoe the Chopper (Gargoyle Fighter)            Turns: 3868, Time: 00:05:47

Health: -9/41      AC: 16    Str: 21    XL:     7   Next: 77%
Magic:  7/7        EV:  5    Int:  9    God:    Lugonu [......]
Gold:   121        SH:  9    Dex:  9    Spells: 6/6 levels left

rFire    . . .     SeeInvis .   a - +1 war axe
rCold    . . .     Faith    .   c - +0 kite shield
rNeg     + . .     Spirit   .   p - +0 chain mail (curse)
rPois    ∞         Reflect  .   (no helmet)
rElec    +         Harm     .   o - +0 cloak
rCorr    .         Rampage  .   (no gloves)
MR       .....                  f - +0 pair of boots {run}
Stlth    ..........             (no amulet)
HPRegen  0.13/turn              (no ring)
MPRegen  0.10/turn              (no ring)

@: quick
A: negative energy resistance 1, electricity resistance, unbreathing,
petrification resistance, rot immunity, AC +4
a: Renounce Religion


You were on level 1 of the Abyss.
You worshipped Lugonu.
Lugonu was noncommittal.
You visited 1 branch of the dungeon, and saw 4 of its levels.
You visited the Abyss 2 times.

You collected 121 gold pieces.

Inventory:

Hand Weapons
 a - a +1 war axe (weapon)
 q - a +0 vampiric hand axe
Armour
 b - a +0 scale mail
 c - a +0 kite shield (worn)
 f - a +0 pair of boots of running (worn)
 o - a +0 cloak (worn)
 p - a cursed +0 chain mail (worn)
Wands
 l - a wand of flame (41)
Scrolls
 j - a scroll of teleportation
 k - 4 scrolls of remove curse
Potions
 d - a potion of might
 e - 2 potions of flight {unknown}
 i - 2 potions of heal wounds
 m - a potion of haste {unknown}
 n - a potion of mutation {unknown}


   Skills:
 - Level 3.2 Fighting
 + Level 7.8 Axes
 - Level 3.2 Armour
 - Level 3.2 Shields


You had 6 spell levels left.
You didn't know any spells.
Your spell library was empty.

Dungeon Overview and Level Annotations

Branches:
Dungeon (4/15)
 Temple: D:4-7

Altars:
Gozag

Annotations:
D:4 gaul's ghost, amateur HOFi


Innate Abilities, Weirdness & Mutations

You are resistant to torment.
Your stone body is resilient. (AC +4)
You are immune to poison.
You resist negative energy. (rN+)
You are resistant to electric shocks. (rElec)
You can survive without breathing.
You are immune to petrification.
You are immune to rotting.


Message History

A small abomination is nearby!
A small abomination is nearby!
A small abomination is nearby!
You closely miss the small abomination. The small abomination hits you.
* * * LOW HITPOINT WARNING * * *
You hit the small abomination.
The small abomination is lightly damaged.
You block the small abomination's attack. x2
You slash the small abomination!
The small abomination is moderately damaged.
You block the small abomination's attack.
You hit the small abomination.
The small abomination is heavily damaged.
The small abomination hits you.
* * * LOW HITPOINT WARNING * * *
The small abomination hits you but does no damage.
You hit the small abomination.
The small abomination is severely damaged.
The small abomination hits you!
You die...

.. #..#
....#
#....#
....#.#
.......
.......###
......!@.#
.....##x##
... #..# #
. ###.# . .
...#
#.....##..#
#..# #. ..#
. .....#
#.. .. ..#


You could see a small abomination.

Vanquished Creatures
  An ogre (D:4)
  A big kobold (D:4)
  An orc priest (D:4)
  Crazy Yiuf (D:3)
  A hound (D:4)
  7 orc wizards
  2 centaur skeletons (D:2)
  Natasha (thrice) (D:3)
  A worker ant (D:4)
  5 adders
  An ooze (D:4)
  An adder skeleton (D:4)
  2 worms (D:2)
  5 dart slugs
  A leopard gecko (D:4)
  17 orcs
  6 giant cockroaches
  5 hobgoblins
  2 jackals (D:2)
  12 kobolds
  2 quokkas
  5 bats
  5 frilled lizards
  8 goblins
  A leopard gecko skeleton (D:4)
  5 rats
  A bush (D:4)
102 creatures vanquished.

Vanquished Creatures (others)
  A plant (D:2)
1 creature vanquished.

Grand Total: 103 creatures vanquished

Notes
Turn   | Place    | Note
-------+----------+-------------------------------------------
     0 | D:1      | strifetoe the Gargoyle Fighter began the quest for the Orb.
     0 | D:1      | Reached XP level 1. HP: 14/14 MP: 1/1
   126 | D:1      | Reached skill level 2 in Axes
   202 | D:1      | Identified a +0 pair of boots of running (You found it on
                  | level 1 of the Dungeon)
   258 | D:1      | Reached XP level 2. HP: 19/19 MP: 2/2
   456 | D:2      | Found an opulent altar of Gozag.
   731 | D:2      | Reached skill level 3 in Axes
   731 | D:2      | Reached XP level 3. HP: 19/23 MP: 3/3
   832 | D:2      | Reached XP level 4. HP: 27/28 MP: 4/4
   932 | D:2      | Reached skill level 4 in Axes
  1332 | D:3      | Reached XP level 5. HP: 19/32 MP: 5/5
  1509 | D:3      | Noticed Natasha
  1517 | D:3      | Killed Natasha
  1518 | D:3      | Reached skill level 5 in Axes
  1627 | D:3      | Noticed Natasha
  1634 | D:3      | Killed Natasha
  1697 | D:3      | Reached XP level 6. HP: 37/37 MP: 6/6
  1717 | D:3      | Found a runed translucent door.
  1718 | D:3      | Noticed Crazy Yiuf
  1757 | D:3      | Noticed Natasha
  1763 | D:3      | Killed Natasha
  2071 | D:3      | Killed Crazy Yiuf
  2264 | D:4      | Reached skill level 6 in Axes
  2498 | D:4      | Reached skill level 7 in Axes
  2498 | D:4      | Reached XP level 7. HP: 22/41 MP: 7/7
  3586 | D:4      | Found a runed translucent gate.
  3586 | D:4      | Found a runed translucent gate.
  3586 | D:4      | Found a runed translucent gate.
  3586 | D:4      | Noticed gaul's ghost (amateur HOFi)
  3591 | D:4      | Identified the cursed +2 dagger of Honour {venom, rPois
                  | Dex+4}
  3784 | D:4      | Cast into level 1 of the Abyss (kobold)
  3786 | Abyss:1  | Found a corrupted altar of Lugonu.
  3803 | Abyss:1  | Became a worshipper of Lugonu the Unformed
  3803 | Abyss:1  | Reached * piety under Lugonu
  3805 | D:4      | Escaped the Abyss
  3819 | D:4      | Cast into level 1 of the Abyss (kobold)
  3867 | Abyss:1  | HP: 2/41 [small abomination (3)]
  3868 | Abyss:1  | Mangled by a small abomination

Illustrated notes

Levels and vault maps discovered:
D:1:      dpeg_arrival_short_road, layout_rooms
D:2:      layout_rooms, nicolae_gozag_seed_capital, serial_bayou_pond_e
D:3:      layout_rooms, uniq_crazy_yiuf_cottage, uniq_natasha
D:4:      layout_loops_ring, gammafunk_ghost_nasty_kobolds, minmay_hedge_maze
Abyss:1:  base: D:1, evilmike_abyss_exit_mutagenic, base: D:1, minivault_5

Skill      XL: |  1  2  3  4  5  6 |
---------------+-------------------+-----
Axes           | 2 3 4 5 7 |  7.8
Fighting       | |  3.2
Armour         | |  3.2
Shields        | |  3.2

Action                   |  1- 3 |  4- 6 |  7- 9 || total
-------------------------+-------+-------+-------++-------
Melee: War axe           |    90 |   232 |   126 ||   448
Invok: Depart the Abyss  |       |       |     1 ||     1
Evoke: Wand              |       |     2 |       ||     2
  Use: Scroll            |     2 |     1 |     3 ||     6
Armor: Scale mail        |    39 |   108 |       ||   147
       Chain mail        |       |    44 |    68 ||   112
Dodge: Dodged            |    23 |    84 |    26 ||   133
Block: Kite shield       |    58 |   120 |    57 ||   235

Table legend: (Time is in decaauts)
 A = Elapsed time spent in this place.
 B = Non-inter-level travel time spent in this place.
 C = Inter-level travel time spent in this place.
 D = Time resting spent in this place.
 E = Time spent auto-exploring this place.
 F = Levels seen in this place.
 G = Mean time per level.
                   A        B        C        D        E       F      G
               +--------+--------+--------+--------+--------+-----+--------+
         Total |   3827 |   3709 |    118 |   1021 |   1788 |   6 |  637.8 |
       Dungeon |   3759 |   3641 |    118 |    989 |   1788 |   4 |  939.8 |
         Abyss |     67 |     67 |      0 |     31 |      0 |   2 |   33.5 |
               +--------+--------+--------+--------+--------+-----+--------+

Top non-repeatable levels by time:
     D:4: 1606 daAuts
     D:2: 885 daAuts
     D:3: 818 daAuts
     D:1: 448 daAuts
 Abyss:1: 67 daAuts
